 Dungeon Crawl Stone Soup version 0.32-a0-818-gb728d0252e (webtiles) character file.

Game seed: 150609882571698013

226 porpoise the Poker (level 5, 0/42 HPs)
             Began as a Demonspawn Gladiator on Mar 24, 2024.
             Killed by nerve-wracking pain
             ... invoked by an orc priest
              (10 damage)
             ... while paralysed by Grinder
             ... on level 4 of the Dungeon.
             The game lasted 00:09:24 (3109 turns).

porpoise the Poker (Demonspawn Gladiator)           Turns: 3109, Time: 00:09:24

Health: 0/42       AC:  4    Str: 16    XL:     5   Next: 69%
Magic:  5/5        EV:  2    Int:  9    God:
Gold:   255        SH:  0    Dex: 14    Spells: 4/4 levels left

rFire   . . .        a - +2 spear (venom)
rCold   . . .        (no shield)
rNeg    . . .        q - +0 leather armour
rPois   .            c - +0 helmet
rElec   .            (no cloak)
rCorr   .            (no gloves)
SInv    .            (no boots)
Will    .....        (no amulet)
Stlth   +            (no ring)
HPRegen 0.27/turn    (no ring)
MPRegen 0.09/turn

%: no passive effects
@: paralysed
A: claws 1, powered by death 1, sturdy frame 1
a: Convert to Beogh


You were on level 4 of the Dungeon.
You visited 1 branch of the dungeon, and saw 4 of its levels.

You collected 255 gold pieces.

Inventory:

Hand Weapons
 a - a +2 spear of venom (weapon)
 b - a +0 sling
 f - a +0 trident
Missiles
 d - 3 throwing nets (quivered)
 e - 7 javelins
 x - 2 boomerangs
Armour
 c - a +0 helmet (worn)
 q - a +0 leather armour (worn)
Jewellery
 n - a ring of magical power
Scrolls
 g - 2 scrolls of poison
 h - 2 scrolls of teleportation
 i - a scroll of amnesia
 m - a scroll of enchant weapon
 r - a scroll of brand weapon {unknown}
 s - a scroll of torment {unknown}
 u - a scroll of noise {unknown}
Potions
 j - a potion of mutation
 k - 2 potions of might
 l - a potion of curing {unknown}
 o - 3 potions of haste
 p - 3 potions of heal wounds
 t - a potion of resistance {unknown}
 v - a potion of lignification {unknown}
 w - a potion of magic {unknown}
 z - a potion of attraction {unknown}
 A - a potion of brilliance {unknown}


   Skills:
 + Level 3.7 Fighting
 * Level 4.9 Polearms
 - Level 2.0 Throwing
 - Level 2.8 Dodging


You had 4 spell levels left.
You didn't know any spells.
Your spell library was empty.

Dungeon Overview and Level Annotations

Branches:
Dungeon (4/15)
 Temple: D:4-7

Altars:
Ashenzari
Ru

Annotations:
D:4 Grinder


Innate Abilities, Weirdness & Mutations

You have sharp fingernails.
You regenerate a little health from kills.
Your movements are slightly less encumbered by armour. (ER -2)


Message History

g - 2 scrolls of poison (gained 1)
Found a sacrificial altar of Ru.
An orc comes into view. It is wielding a +0 falchion.
The orc throws a boomerang.
The boomerang misses you.
The orc throws a boomerang.
The boomerang hits you.
You reach to attack!
You puncture the orc!
You kill the orc!
No target in view!
An orc comes into view. It is wielding a +0 club.
The orc shouts!
A hobgoblin comes into view.
The hobgoblin shouts!
You hear a shout!
An orc wizard comes into view. It is wielding a +0 dagger.
The hobgoblin moves out of view.
Items here: ( ) [ †.
Grinder and an orc priest come into view.
Grinder shouts!
The orc priest shouts!
Grinder blinks!
You hit the orc.
The orc is severely wounded.
The orc hits you with a +0 club.
You barely miss the orc.
The orc is severely wounded.
The orc hits you but does no damage. Grinder gestures at you.
You suddenly lose the ability to move!
Grinder hits you but does no damage. The orc completely misses you.
Grinder hits you.
You writhe in agony.
The orc wizard hits you but does no damage.
Grinder hits you.
You writhe in agony.
The orc hits you with a +0 club.
The orc priest shouts, "Beogh offers mercy even to people such as you.
Join us and be reborn!" (press Y on the ability menu to convert to Beogh)
The orc wizard hits you but does no damage.
The orc hits you but does no damage. Grinder hits you.
* * * LOW HITPOINT WARNING * * *
The hobgoblin hits you.
* * * LOW HITPOINT WARNING * * *
The orc priest invokes the aid of Beogh against you.
Pain shoots through your body!
You die...

#....#..#.#...........##..
#.....#....#..............
#.....#....#..............
#.....#....+..............
#######....#..............
. ######...#######..#.
..§##...#######...##....
..§...5og.....#...#...#.
......o@.)....#...#.....
....≈≈≈≈≈≈≈...#...#.....
....§o≈≈≈≈§≈..#...'.....
....ß...._≈≈..#...#.....
......≈≈§§≈≈.##...####.#
....≈≈≈≈§≈≈...#...####.#
.......§§§..............
.....................<..
....................


You could see Grinder, an orc priest, an orc wizard, an orc and a hobgoblin.

Vanquished Creatures
  6 gnolls
  5 adders
  2 ribbon worms (D:2)
  A dart slug (D:2)
  10 orcs
  7 bats
  9 endoplasms
  2 giant cockroaches (D:2)
  15 goblins
  14 hobgoblins
  3 jackals
  4 quokkas
  5 ball pythons
  3 frilled lizards
  7 kobolds
  6 rats
99 creatures vanquished.

Notes
Turn   | Place    | Note
-------+----------+-------------------------------------------
     0 | D:1      | porpoise the Demonspawn Gladiator began the quest for the
                  | Orb.
     0 | D:1      | Reached XP level 1. HP: 16/16 MP: 1/1
   171 | D:1      | Gained mutation: You have sharp fingernails. [demonic
                  | ancestry]
   171 | D:1      | Reached XP level 2. HP: 22/22 MP: 2/2
   215 | D:1      | Found a faded altar of an unknown god.
   233 | D:1      | Reached skill level 3 in Polearms
   569 | D:1      | Gained mutation: You regenerate a little health from kills.
                  | [demonic ancestry]
   569 | D:1      | Reached XP level 3. HP: 13/28 MP: 3/3
  1086 | D:2      | Reached XP level 4. HP: 34/34 MP: 4/4
  1401 | D:2      | Reached skill level 4 in Polearms
  1710 | D:2      | Gained mutation: Your movements are slightly less
                  | encumbered by armour. (ER -2) [demonic ancestry]
  1710 | D:2      | Reached XP level 5. HP: 41/41 MP: 5/5
  2888 | D:4      | Noticed an ogre
  3029 | D:4      | Found a broken altar of Ashenzari.
  3088 | D:4      | Found a sacrificial altar of Ru.
  3101 | D:4      | Noticed Grinder
  3104 | D:4      | Paralysed by Grinder for 5 turns
  3109 | D:4      | Killed from afar by an orc priest

Illustrated notes

Levels and vault maps discovered:
D:1:      dpeg_arrival_lava_altar, layout_basic,
          shapermc_ecumenical_altar_mp_urbaneastern, minmay_small_reverse_x
D:2:      layout_loops_ring
D:3:      corexii_shack_village, layout_loops_ring, amcnicky_altar_gilded
D:4:      layout_gridville, mainiacjoe_overflow_catwalk,
          mainiacjoe_overflow_chevrons, temple_hall, hex_tiny, uniq_grinder

Skill      XL: |  1  2  3  4 |
---------------+-------------+-----
Throwing       | 2 |  2.0
Polearms       | 3 4 |  4.9
Fighting       | 3 |  3.7
Dodging        | |  2.8

Action                     |  1- 3 |  4- 6 || total
---------------------------+-------+-------++-------
  Melee: Spear             |   116 |   159 ||   275
   Fire: Sling             |       |     6 ||     6
    Use: Scroll            |       |     8 ||     8
   Stab: Sleeping          |     2 |     3 ||     5
 Armour: Leather armour    |    36 |    62 ||    98
  Dodge: Dodged            |    52 |    66 ||   118

Table legend: (Time is in decaauts)
 A = Elapsed time spent in this place.
 B = Non-inter-level travel time spent in this place.
 C = Inter-level travel time spent in this place.
 D = Time resting spent in this place.
 E = Time spent auto-exploring this place.
 F = Levels seen in this place.
 G = Mean time per level.
                   A        B        C        D        E       F      G
               +--------+--------+--------+--------+--------+-----+--------+
         Total |   3084 |   2957 |    127 |    574 |   1701 |   4 |  771.0 |
       Dungeon |   3084 |   2957 |    127 |    574 |   1701 |   4 |  771.0 |
               +--------+--------+--------+--------+--------+-----+--------+

Top non-repeatable levels by time:
     D:1: 939 daAuts
     D:3: 934 daAuts
     D:2: 927 daAuts
     D:4: 283 daAuts
